 Dungeon Crawl Stone Soup version 0.20.1-1-g8b1a95d (webtiles) character file.

26314 Irenicus the Spry (level 12, -2/77 HPs)
             Began as a Deep Elf Fire Elementalist on Oct 11, 2017.
             Was a High Priest of Qazlal.
             Slain by a vampire mosquito (11 damage)
             ... on level 13 of the Dungeon.
             The game lasted 00:57:42 (11733 turns).

Irenicus the Spry (Deep Elf Fire Elementalist)     Turns: 11733, Time: 00:57:43

Health: -2/77      AC:  9    Str:  5    XL:     12   Next: 97%
Magic:  2/29       EV: 27    Int: 30    God:    Qazlal [*****.]
Gold:   565        SH:  6    Dex: 13    Spells: 15/34 levels left

rFire    + . .     SeeInvis .   R - staff of cold
rCold    . . .     Gourm    .   (no shield)
rNeg     + . .     Faith    .   U - +0 robe {rN+}
rPois    +         Spirit   .   G - +1 hat
rElec    .         Reflect  .   (no cloak)
rCorr    .         Harm     .   J - +0 pair of gloves
MR       +....     Rnd*Rage +   p - +1 pair of boots Stlth +.........Rnd*Tele +
                                Q - amulet of magic regeneration
Regen    0.3/turn               K - ring of the Middle {rPois EV+6 Int+4 Dex-2}
MPRegen  0.4/turn               T - ring of fire

@: protected from physical damage, repel missiles
A: hooves 1, berserk 1, blink, blurry vision 1, robust 1, teleportitis 1
a: Blink, Upheaval, Elemental Force, Disaster Area, Renounce Religion


You were on level 13 of the Dungeon.
You worshipped Qazlal.
Qazlal was extremely pleased with you.
You were very hungry.

You visited 2 branches of the dungeon, and saw 14 of its levels.

You collected 675 gold pieces.
You spent 110 gold pieces at shops.

Inventory:

Hand Weapons
 m - a +1 short sword of electrocution
Armour
 p - a +1 pair of boots (worn)
 G - a +1 hat (worn)
 J - a +0 pair of gloves (worn)
 U - a +0 robe of positive energy (worn)
Magical Staves
 L - an uncursed staff of air
 R - an uncursed staff of cold (weapon)
Jewellery
 x - an uncursed ring of positive energy
 K - the ring of the Middle (left hand) {rPois EV+6 Int+4 Dex-2}
   (You bought it in a shop on level 4 of the Dungeon)

   [ring of evasion]

   It affects your evasion (+6).
   It affects your intelligence (+4).
   It affects your dexterity (-2).
   It protects you from poison.
 Q - an amulet of magic regeneration (around neck)
 T - a ring of fire (right hand)
 X - an uncursed ring of positive energy
Wands
 q - a wand of flame (6/48)
 t - a wand of enslavement (15/24)
 w - a wand of lightning (0/15)
 O - a wand of flame (24/48)
 P - a wand of random effects (10/48)
 Z - a wand of disintegration (10/24)
Scrolls
 e - 6 scrolls of remove curse
 g - a scroll of torment {unknown}
 j - 4 scrolls of teleportation
 l - 5 scrolls of identify
 r - 3 scrolls of recharging {unknown}
 s - 3 scrolls of amnesia {unknown}
 v - a scroll of blinking {unknown}
 y - 2 scrolls of immolation {unknown}
 E - a scroll of enchant armour {unknown}
 F - 4 scrolls of fog {unknown}
 H - 4 scrolls of fear {unknown}
 S - 2 scrolls of enchant weapon
Potions
 d - 2 potions of brilliance
 h - 2 potions of flight {unknown}
 o - 3 potions of lignification {unknown}
 u - 2 potions of degeneration {unknown}
 A - a potion of magic
 B - 2 potions of cancellation {unknown}
 C - 2 potions of invisibility {unknown}
 M - 3 potions of mutation {unknown}
 N - 3 potions of curing {unknown}
 W - a potion of might {unknown}
Books
 b - a book of Flames

   Spells                             Type                      Level
   a - Flame Tongue                   Conjuration/Fire             1
   b - Throw Flame                    Conjuration/Fire             2
   c - Conjure Flame                  Conjuration/Fire             3
   d - Inner Flame                    Hexes/Fire                   3
   e - Sticky Flame                   Conjuration/Fire             4
   f - Fireball                       Conjuration/Fire             5
 D - a book of Changes

   Spells                             Type                      Level
   a - Beastly Appendage              Transmutation                1
   b - Sticks to Snakes               Transmutation                2
   c - Spider Form                    Transmutation/Poison         3
   d - Ice Form                       Ice/Transmutation            4
   e - Blade Hands                    Transmutation                5
 I - a book of Geomancy

   Spells                             Type                      Level
   a - Sandblast                      Earth                        1
   b - Passwall                       Transmutation/Earth          2
   c - Stone Arrow                    Conjuration/Earth            3
   d - Petrify                        Transmutation/Earth          4
   e - Lee's Rapid Deconstruction     Earth                        5
 V - a book of Callings

   Spells                             Type                      Level
   a - Summon Small Mammal            Summoning                    1
   b - Call Imp                       Summoning                    2
   c - Call Canine Familiar           Summoning                    3
   d - Summon Guardian Golem          Hexes/Summoning              3
   e - Summon Lightning Spire         Summoning/Air                4
   f - Summon Ice Beast               Ice/Summoning                4
 Y - a book of Transfigurations

   Spells                             Type                      Level
   a - Irradiate                      Conjuration/Transmutation    5
   b - Statue Form                    Transmutation/Earth          6
   c - Hydra Form                     Transmutation                6
   d - Dragon Form                    Transmutation                7
Miscellaneous
 a - a fan of gales (inert)
Comestibles
 c - 6 bread rations
 f - 9 meat rations
 i - 9 royal jellies
 n - 12 fruits


   Skills:
 - Level 6.0 Fighting
 - Level 15.0 Dodging
 - Level 2.4 Stealth
 + Level 11.7 Spellcasting
 - Level 10.4 Conjurations
 - Level 11.4 Fire Magic
 + Level 0.9 Earth Magic


You had 15 spell levels left.
You knew the following spells:

 Your Spells              Type           Power        Failure   Level  Hunger
a - Flame Tongue          Conj/Fire      #####        1%          1    None
b - Conjure Flame         Conj/Fire      #######.     1%          3    None
c - Stone Arrow           Conj/Erth      ######       1%          3    None
d - Fireball              Conj/Fire      #######...   1%          5    ##.....
e - Sticky Flame          Conj/Fire      #######.     1%          4    None
f - Inner Flame           Hex/Fire       ######..     1%          3    None


Dungeon Overview and Level Annotations

Branches:
Dungeon (13/15)            Temple (1/1) D:7            Lair (0/6) D:11
    Orc (0/2) D:11
 Vaults: D:13-14

Altars:
Ashenzari
Dithmenos
Elyvilon
Fedhas
Gozag
Hepliaklqana
Qazlal
Ru
Trog
Uskayaw
Vehumet
Xom
Yredelemnul
Zin
The Shining One

Shops:
D:4 *   D:13 [


Innate Abilities, Weirdness & Mutations

You have large cloven feet.
You tend to lose your temper in combat.
You can translocate small distances at will.
Scrolls take you a little longer to read.
You are robust. (+10% HP)
You are occasionally teleported next to monsters.


Message History

The vampire mosquito completely misses you.
You closely miss the human.
The human is severely wounded.
The vampire mosquito barely misses you. The human closely misses you.
The vampire mosquito bites you!
* * * LOW HITPOINT WARNING * * *
The vampire mosquito draws strength from your injuries!
The human hits you!
* * * LOW HITPOINT WARNING * * *
You feel protected from physical attacks.
Okay, then.
Evoke which item? (* to show all) (? for menu, Esc to quit)
Aiming: Enslavement (will waste charges)
Press: ? - help, Shift-Dir - straight line, f/p - human
Aim: a human, wearing a large opal ring (severely wounded, chance to defeat MR: 46%)
The human resists with some effort.
Evoking this partially-identified wand wasted a few charges.
You hear a shout!
The vampire mosquito bites you!
You die...

#.# ###......#########
#.# #......#(.###..# #.#
#......#.=#.#..# #.#
#......##'''''## .. #.#
#......#.......#####....
#.#
#..........y...)........
#.#
#####.#.#.##########....
#.# #.#p#.# .. #.#
#)#@#.. #.# #.#y####
#.#. #.# #.#........
.... #.# #.#..####.#
##.# #.# #.#... #.#
#.#.##. .. #.# #(#(. .#
#. ##.######## #.### #
#. #.........# #.# #.


You could see a human and a vampire mosquito.

Vanquished Creatures
  A hydra (D:12)
  7 two-headed ogres
  2 centaur warriors (D:13)
  4 skeletal warriors
  An unseen horror (D:11)
  A wolf spider zombie (D:13)
  A necromancer (D:13)
  A manticore (D:11)
  2 ugly things
  2 deep elf magi (D:12)
  A cyclops (D:11)
  Joseph (D:9)
  2 gargoyles
  2 trolls (D:11)
  Prince Ribbit (D:7)
  2 hornets
  A wolf spider simulacrum (D:13)
  6 hippogriffs
  A water elemental (D:12)
  2 vampires
  4 yaks (D:9)
  12 humans
  4 hogs (D:7)
  7 vampire mosquitoes
  2 hungry ghosts
  An acid dragon (D:13)
  Duvessa (D:7)
  6 orc warriors
  4 sky beasts
  A hornet zombie (D:10)
  A black bear (D:7)
  7 ice beasts
  7 ogres
  A phantom (D:7)
  8 centaurs
  2 crocodiles
  Blork the orc (D:4)
  A big kobold (D:11)
  A wyvern zombie (D:13)
  4 bullfrogs
  Dowan (D:7)
  4 scorpions
  A water moccasin skeleton (D:10)
  4 wyvern skeletons
  4 killer bees (D:8)
  4 electric eels
  5 howler monkeys
  7 crimson imps
  A quasit (D:13)
  2 bullfrog skeletons
  8 hounds
  A jelly (D:13)
  3 bullfrog zombies
  5 orc priests
  An iron imp (D:9)
  2 centaur skeletons
  9 orc wizards
  5 iguanas
  4 worker ants
  A killer bee zombie (D:7)
  A hound skeleton (D:4)
  2 worker ant zombies (D:8)
  15 adders
  4 gnolls (D:8)
  2 howler monkey skeletons
  A shadow imp (D:10)
  2 oozes
  An adder zombie (D:9)
  A worm (D:2)
  5 dart slugs
  7 leopard geckos
  25 orcs
  3 giant cockroaches (D:3)
  8 goblins
  10 hobgoblins
  10 jackals
  8 quokkas
  A ball python (D:7)
  10 bats
  6 frilled lizards
  3 goblin skeletons (D:9)
  A hobgoblin zombie (D:9)
  8 kobolds
  3 kobold skeletons (D:9)
  2 kobold zombies (D:9)
  An orc zombie (D:9)
  8 rats
  2 plants (D:12)
338 creatures vanquished.

Vanquished Creatures (others)
  A plant (D:12)
1 creature vanquished.

Grand Total: 339 creatures vanquished

Notes
Turn   | Place    | Note
-------+----------+-------------------------------------------
     0 | D:1      | Irenicus the Deep Elf Fire Elementalist began the quest for the Orb.
     0 | D:1      | Reached XP level 1. HP: 10/10 MP: 6/6
   188 | D:1      | Reached XP level 2. HP: 15/15 MP: 5/8
   625 | D:1      | Reached XP level 3. HP: 19/19 MP: 8/10
  1009 | D:2      | Learned a level 3 spell: Conjure Flame
  1143 | D:2      | Reached XP level 4. HP: 24/24 MP: 7/12
  1484 | D:3      | Found a hazy altar of Hepliaklqana.
  1714 | D:3      | Found a bloodstained altar of Trog.
  2375 | D:4      | Reached skill level 5 in Fire Magic
  2375 | D:4      | Reached XP level 5. HP: 28/28 MP: 10/13
  2392 | D:4      | Noticed Blork the orc
  2402 | D:4      | Killed Blork the orc
  2690 | D:4      | Found Aril's Assorted Antiques.
  2696 | D:4      | Bought a heavily runed ivory ring for 110 gold pieces
  2697 | D:4      | Identified the ring of the Middle {rPois EV+6 Int+4 Dex-2} (You bought it in a shop on level 4 of the Dungeon)
  2876 | D:5      | Entered Level 5 of the Dungeon
  2954 | D:5      | Reached XP level 6. HP: 32/32 MP: 7/14
  3037 | D:5      | Noticed an ice beast
  3043 | D:5      | Killed an ice beast
  3047 | D:5      | Reached skill level 5 in Conjurations
  3180 | D:5      | Reached XP level 7. HP: 36/36 MP: 9/15
  3244 | D:5      | Learned a level 3 spell: Stone Arrow
  3446 | D:5      | Found a sacrificial altar of Ru.
  3449 | D:5      | Found an opulent altar of Gozag.
  3452 | D:5      | Found a hide-covered altar of Uskayaw.
  3505 | D:5      | Found a white marble altar of Elyvilon.
  3921 | D:6      | Found a shattered altar of Ashenzari.
  4038 | D:6      | Learned a level 5 spell: Fireball
  4398 | D:7      | Reached XP level 8. HP: 41/41 MP: 8/16
  4402 | D:7      | Noticed a hippogriff
  4415 | D:7      | Killed a hippogriff
  4474 | D:7      | Gained mutation: You are occasionally teleported next to monsters. [mutagenic meat]
  4475 | D:7      | Gained mutation: You are robust. (+10% HP) [mutagenic meat]
  4476 | D:7      | Gained mutation: You can translocate small distances at will. [mutagenic meat]
  4477 | D:7      | Gained mutation: Scrolls take you a little longer to read. [mutagenic meat]
  4480 | D:7      | Noticed Prince Ribbit
  4490 | D:7      | Killed Prince Ribbit
  4675 | D:7      | Reached XP level 9. HP: 49/49 MP: 2/17
  4799 | D:7      | Found a sacrificial altar of Ru.
  4888 | D:7      | Found a staircase to the Ecumenical Temple.
  4915 | Temple   | Entered the Ecumenical Temple
  4925 | Temple   | Became a worshipper of Qazlal Stormbringer
  5081 | D:7      | Reached skill level 10 in Fire Magic
  5202 | D:7      | Noticed Duvessa
  5203 | D:7      | Noticed Dowan
  5212 | D:7      | Killed Duvessa
  5216 | D:7      | Killed Dowan
  5216 | D:7      | Reached skill level 10 in Conjurations
  5370 | D:8      | Learned a level 4 spell: Sticky Flame
  5543 | D:8      | Reached * piety under Qazlal
  5634 | D:8      | You fall through a shaft!
  5804 | D:9      | Reached skill level 5 in Spellcasting
  5804 | D:9      | Reached XP level 10. HP: 55/55 MP: 7/20
  5837 | D:9      | Found a glowing golden altar of the Shining One.
  5996 | D:9      | Noticed Joseph
  6005 | D:9      | Killed Joseph
  6061 | D:9      | Reached ** piety under Qazlal
  6075 | D:9      | Found a radiant altar of Vehumet.
  6369 | D:9      | Found a blossoming altar of Fedhas.
  6471 | D:9      | Reached skill level 10 in Spellcasting
  7035 | D:8      | Noticed a two-headed ogre
  7079 | D:8      | Killed a two-headed ogre
  7323 | D:10     | Entered Level 10 of the Dungeon
  7357 | D:10     | Reached skill level 3 in Dodging
  7422 | D:10     | Noticed a gargoyle
  7426 | D:10     | Reached skill level 4 in Dodging
  7428 | D:10     | Killed a gargoyle
  7428 | D:10     | Reached skill level 5 in Dodging
  7442 | D:10     | Gained mutation: You tend to lose your temper in combat. [mutagenic meat]
  7443 | D:10     | Gained mutation: You have large cloven feet. [mutagenic meat]
  7545 | D:10     | Noticed a two-headed ogre
  7561 | D:10     | Killed a two-headed ogre
  7561 | D:10     | Reached skill level 6 in Dodging
  7561 | D:10     | Reached XP level 11. HP: 59/59 MP: 8/28
  7658 | D:10     | Noticed a two-headed ogre
  7678 | D:10     | Killed a two-headed ogre
  7678 | D:10     | Reached skill level 7 in Dodging
  8077 | D:11     | Reached skill level 8 in Dodging
  8082 | D:11     | Noticed a cyan ugly thing
  8090 | D:11     | Killed a cyan ugly thing
  8153 | D:11     | Reached skill level 9 in Dodging
  8190 | D:11     | Noticed a two-headed ogre
  8198 | D:11     | Killed a two-headed ogre
  8198 | D:11     | Reached *** piety under Qazlal
  8345 | D:11     | Found a shimmering altar of Xom.
  8371 | D:11     | Killed an unseen horror
  8371 | D:11     | Reached skill level 10 in Dodging
  8496 | D:11     | Learned a level 3 spell: Inner Flame
  8620 | D:11     | Found a staircase to the Lair.
  8770 | D:11     | Reached skill level 11 in Dodging
  8771 | D:11     | Found a staircase to the Orcish Mines.
  8828 | D:11     | Reached skill level 1 in Fighting
  9136 | D:12     | Noticed a deep elf mage
  9139 | D:12     | Killed a deep elf mage
  9306 | D:12     | Noticed a deep elf mage
  9318 | D:12     | Killed a deep elf mage
  9377 | D:12     | Noticed a skeletal warrior
  9385 | D:12     | Noticed a skeletal warrior
  9388 | D:12     | Noticed a skeletal warrior
  9393 | D:12     | Noticed a skeletal warrior
  9544 | D:11     | Killed a skeletal warrior
  9544 | D:11     | Reached skill level 5 in Fighting
  9544 | D:11     | Reached XP level 12. HP: 52/74 MP: 18/29
  9559 | D:12     | Noticed an eight-headed hydra
  9562 | D:12     | HP: 2/74 [eight-headed hydra (4)]
  9564 | D:12     | Killed an eight-headed hydra
  9862 | D:12     | Reached **** piety under Qazlal
 10435 | D:12     | Reached skill level 12 in Dodging
 10900 | D:13     | Noticed a two-headed ogre
 10907 | D:13     | Killed a two-headed ogre
 10909 | D:13     | Noticed a centaur warrior
 10912 | D:13     | Killed a centaur warrior
 10924 | D:13     | Noticed a two-headed ogre
 10975 | D:13     | Killed a two-headed ogre
 10975 | D:13     | Reached skill level 13 in Dodging
 11024 | D:13     | Noticed a centaur warrior
 11028 | D:13     | Noticed a two-headed ogre
 11038 | D:13     | Killed a centaur warrior
 11048 | D:13     | Killed a two-headed ogre
 11048 | D:13     | Reached skill level 14 in Dodging
 11386 | D:13     | Found Egim's Armour Emporium.
 11551 | D:13     | Reached ***** piety under Qazlal
 11578 | D:13     | Reached skill level 15 in Dodging
 11733 | D:13     | Slain by a vampire mosquito

Skill      XL: |  1  2  3  4  5  6  7  8  9 10 11 12 |
---------------+-------------------------------------+-----
Fire Magic     | 4 5 6 8 9 11 | 11.4
Spellcasting   | 4 5 11 | 11.7
Conjurations   | 2 3 4 5 6 8 10 | 10.4
Dodging        | 6 11 15 | 15.0
Fighting       | 5 6 |  6.0
Stealth        | |  2.4
Earth Magic    | |  0.9

Action                   |  1- 3 |  4- 6 |  7- 9 | 10-12 || total
-------------------------+-------+-------+-------+-------++-------
Melee: Unarmed           |     2 |       |       |       ||     2
       Short sword       |     5 |    32 |    26 |       ||    63
       Staff             |       |       |       |    78 ||    78
 Cast: Flame Tongue      |    78 |   101 |   209 |   427 ||   815
       Conjure Flame     |       |     3 |     7 |    38 ||    48
       Fireball          |       |       |    10 |    65 ||    75
       Stone Arrow       |       |       |     1 |    12 ||    13
       Sticky Flame      |       |       |     2 |       ||     2
       Inner Flame       |       |       |       |     3 ||     3
 Abil: Blink             |       |       |       |     1 ||     1
Evoke: Wand              |       |       |       |    13 ||    13
       Fan of gales      |       |       |       |     1 ||     1
  Use: Potion            |       |       |     2 |     1 ||     3
       Scroll            |       |       |     1 |    11 ||    12
 Stab: Sleeping          |       |     1 |       |       ||     1
  Eat: Chunk             |       |    11 |    13 |    15 ||    39
       Bread ration      |       |       |       |     2 ||     2
       Fruit             |       |       |       |     2 ||     2
       Royal jelly       |       |       |       |     1 ||     1
Armor: Robe              |     5 |       |     3 |    38 ||    46
       Leather armour    |       |    13 |     9 |       ||    22
Dodge: Dodged            |    29 |    60 |    93 |   337 ||   519
       Deflected         |       |       |       |     5 ||     5
Block: Other             |       |       |     2 |    91 ||    93
